 Dungeon Sprint DCSS version 0.19-a0-1442-g3b32ff5 (webtiles) character file.

2397 poirepourri the Fighter (level 9, -6/100 HPs)
             Began as a Deep Dwarf Fighter on Sept 5, 2016.
             Was a Believer of Makhleb.
             Mangled by a sun demon (21 damage)
             ... summoned by a kobold demonologist
             ... in the Dungeon (Sprint I: "Red Sonja").
             The game lasted 00:02:54 (450 turns).

poirepourri the Fighter (Deep Dwarf Fighter)         Turns: 450, Time: 00:02:55

Health: -6/100     AC:  6    Str: 21    XL:     9   Next: 22%
Magic:  21/22      EV: 14    Int: 12    God:    Makhleb [**....]
Gold:   51         SH: 14    Dex: 14    Spells: 0 memorised, 8 levels left

rFire  . . .     SeeInvis +     a - +0 war axe
rCold  + . .     Gourm    .     b - +0 scale mail
rNeg   . . .     Faith    .     c - +0 shield
rPois  .         Spirit   .     (no helmet)
rElec  +         Dismiss  .     (no cloak)
rCorr  .         Reflect  +     (no gloves)
MR     +....     Harm     .     (no boots)
Stlth  .......... NoTele   +    h - +5 amulet of reflection
                                (no ring)
                                p - ring "Fisuut" {rElec rC+ MP+9 Int+3 SInv}

@: non-regenerating
A: damage resistance, recharge devices, sense surroundings 2, slow regeneration
3
a: Device Recharging, Minor Destruction, Renounce Religion


You were in the Dungeon.
You worshipped Makhleb.
Makhleb was pleased with you.
You were not hungry.

You visited 1 branch You collected 546 gold pieces.
You spent 495 gold pieces at shops.

Inventory:

Hand Weapons
 a - a +0 war axe (weapon)
Missiles
 o - 13 poisoned needles
Armour
 b - a +0 scale mail (worn)
 c - a +0 shield (worn)
Jewellery
 h - a +5 amulet of reflection (around neck)
 p - the ring "Fisuut" (left hand) {rElec rC+ MP+9 Int+3 SInv}
   (You bought it in a shop in the Dungeon)

   [ring of protection from cold]

   It affects your intelligence (+3).
   It protects you from cold.
   It insulates you from electricity.
   It affects your magic capacity (+9).
   It lets you see invisible.
Wands
 d - a wand of slowing (15/48)
 e - a wand of heal wounds (2/9)
 m - a wand of iceblast (8/15)
Scrolls
 l - a scroll of blinking
Potions
 g - a potion of curing
 i - a potion of haste
 j - 2 potions of magic
Comestibles
 f - a bread ration
 k - 3 fruits


   Skills:
 + Level 12.7 Fighting
 + Level 11.7 Axes
 - Level 3.2 Armour
 + Level 11.1 Dodging
 - Level 3.2 Shields
 + Level 8.2 Evocations


You had 8 spell levels left.
You didn't know any spells.

Dungeon Overview and Level Annotations

Branches:
Dungeon (1/1)

Altars:
Cheibriados
Dithmenos
Elyvilon
Fedhas
Gozag
Hepliaklqana
Kikubaaqudgha
Makhleb
Nemelex Xobeh
Okawaru
Qazlal
Ru
Sif Muna
Trog
Uskayaw
Vehumet
Xom
Yredelemnul
Zin
The Shining One
Jiyva
Lugonu

Shops:
D =


Innate Abilities, Weirdness & Mutations

You are resistant to damage.
You can recharge devices by infusing magical energy.
You passively map the area around you.
You do not regenerate.


Message History

The white imp gestures at you. The puff of frost hits you! You resist.
The smoke demon gestures at you. The ball of steam hits you!
* * * LOW HITPOINT WARNING * * *
You slash the kobold demonologist!
You kill the kobold demonologist!
Makhleb accepts your kill.
You can now harness Makhleb's destructive might.
You feel better.
The white imp disappears in a puff of smoke!
The iron imp disappears in a puff of smoke!
The smoke demon disappears in a puff of smoke!
The quasit disappears in a puff of smoke!
Your Dodging skill increases to level 11!
Your Evocations skill increases to level 8!
You hit the sun demon but do no damage.
You are engulfed in a cloud of scalding steam.
The crimson imp blinks!
The sun demon hits you!!
You die...

#####################************
.').#.)'..#__#.§@4§5#,,*,,,,+,,,,
.#..'..#..'..'.§#35§#*+*,****,,,,
###'#####(#__####K5§+,,*,*,***,,,
##..#...#(####§.#####,,+,*+*,***+
_####..##)#≈≈§§.#..#*+****,,,*,*,
____##'#.)'≈≈§.§'..#,,,,,*,,,***,
.∩...'..._#≈≈§§§#§.#,,,,,+,,,,,**
..__##_.#'##§#####+#**,,,*,,,,,*,
____###+#.#.§§.#**,+,*,,,***++**,


You could see a sun demon, an ice devil, a kobold demonologist, a quasit, a
crimson imp and an ufetubus.

Vanquished Creatures
  2 centaur warriors (D)
  A kobold demonologist (D)
  A slime creature (D)
  Sigmund (D)
  A yak (D)
  A giant eyeball (D)
  A wasp (D)
  An ogre (D)
  A jelly (D)
  Ijyb (D)
11 creatures vanquished.

Vanquished Creatures (others)
  A gargoyle (D)
1 creature vanquished.

Grand Total: 12 creatures vanquished

Notes
Turn   | Place    | Note
-------+----------+-------------------------------------------
     0 | D        | poirepourri the Deep Dwarf Fighter began the quest for the Orb.
     0 | D        | Reached XP level 1. HP: 20/20 MP: 1/1
     2 | D        | Noticed Ijyb
    15 | D        | Killed Ijyb
    15 | D        | Reached skill level 5 in Fighting
    15 | D        | Reached XP level 2. HP: 32/32 MP: 2/2
    19 | D        | Noticed an ogre
    27 | D        | Killed an ogre
    27 | D        | Reached skill level 7 in Fighting
    27 | D        | Reached XP level 3. HP: 5/43 MP: 3/3
    27 | D        | Reached XP level 4. HP: 6/51 MP: 4/4
    42 | D        | Noticed Sigmund
    72 | D        | Killed Sigmund
    72 | D        | Reached skill level 9 in Fighting
    72 | D        | Reached skill level 5 in Dodging
    72 | D        | Reached XP level 5. HP: 17/62 MP: 4/7
    94 | D        | Found a burning altar of Makhleb.
    94 | D        | Found a viscous altar of Jiyva.
    94 | D        | Found a shimmering altar of Xom.
    94 | D        | Found a corrupted altar of Lugonu.
    94 | D        | Noticed a slime creature
   108 | D        | Killed a slime creature
   108 | D        | Reached skill level 10 in Fighting
   108 | D        | Reached XP level 6. HP: 29/72 MP: 6/8
   133 | D        | Found a deep blue altar of Sif Muna.
   135 | D        | Found a radiant altar of Vehumet.
   187 | D        | Became a worshipper of Makhleb the Destroyer
   202 | D        | Found Caix's Jewellery Emporium.
   202 | D        | Found an ancient bone altar of Kikubaaqudgha.
   202 | D        | Found a hazy altar of Hepliaklqana.
   202 | D        | Found a stormy altar of Qazlal.
   202 | D        | Found a hide-covered altar of Uskayaw.
   202 | D        | Found a blossoming altar of Fedhas.
   202 | D        | Found a bloodstained altar of Trog.
   202 | D        | Found an iron altar of Okawaru.
   202 | D        | Found a basalt altar of Yredelemnul.
   202 | D        | Found a glowing golden altar of the Shining One.
   202 | D        | Found a snail-covered altar of Cheibriados.
   202 | D        | Found a sacrificial altar of Ru.
   202 | D        | Found a glowing silver altar of Zin.
   202 | D        | Found a shadowy altar of Dithmenos.
   202 | D        | Found a white marble altar of Elyvilon.
   202 | D        | Noticed a yak
   211 | D        | Killed a yak
   211 | D        | Reached XP level 7. HP: 45/80 MP: 9/9
   212 | D        | Found an opulent altar of Gozag.
   213 | D        | Found a sparkling altar of Nemelex Xobeh.
   234 | D        | Noticed a centaur warrior
   236 | D        | Noticed a centaur warrior
   243 | D        | Killed a centaur warrior
   243 | D        | Reached skill level 11 in Fighting
   243 | D        | Reached skill level 10 in Axes
   243 | D        | Reached XP level 8. HP: 70/91 MP: 8/11
   251 | D        | Killed a centaur warrior
   251 | D        | Reached * piety under Makhleb
   251 | D        | Reached skill level 12 in Fighting
   251 | D        | Reached skill level 10 in Dodging
   262 | D        | Killed a gargoyle
   297 | D        | Gained mutation: You passively map the area around you. [Deep Dwarf growth]
   297 | D        | Reached XP level 9. HP: 78/99 MP: 12/12
   346 | D        | Bought the ring "Fisuut" {rElec rC+ MP+9 Int+3 SInv} for 495 gold pieces
   425 | D        | Noticed a kobold demonologist
   426 | D        | Noticed a kobold demonologist
   426 | D        | Paralysed by a giant eyeball for 4 turns
   427 | D        | Noticed a sun demon
   429 | D        | Noticed an ice devil
   431 | D        | Noticed an ice devil
   433 | D        | Paralysed by a giant eyeball for 4 turns
   448 | D        | Noticed a smoke demon
   450 | D        | Killed a kobold demonologist
   450 | D        | Reached ** piety under Makhleb
   450 | D        | Mangled by a sun demon

Vault maps used:
D:        dungeon_sprint_1

Skill      XL: |  1  2  3  4  5  6  7  8  9 |
---------------+----------------------------+-----
Fighting       | 5 7 9 10 11 12 | 12.7
Axes           | 3 4 6 7 8 10 11 | 11.7
Dodging        | 2 3 5 6 7 9 10 11 | 11.1
Evocations     | 2 4 6 7 8 |  8.2
Armour         | |  3.2
Shields        | |  3.2

Action                   |  1- 3 |  4- 6 |  7- 9 || total
-------------------------+-------+-------+-------++-------
Melee: War axe           |    18 |    43 |    37 ||    98
 Abil: Device Recharging |       |     1 |     1 ||     2
Evoke: Wand              |     1 |     8 |     3 ||    12
  Use: Potion            |       |     2 |     1 ||     3
       Scroll            |       |     1 |     1 ||     2
Armor: Scale mail        |     5 |     6 |    28 ||    39
Dodge: Dodged            |     6 |     8 |    23 ||    37
Block: Shield            |    13 |    15 |    32 ||    60
